 Dungeon Crawl Stone Soup version 0.25.0-1-g7eea58d2a3 (webtiles) character file.

Game seed: 9616426886848005413

32 P0NYSLAYSTATION the Cudgeler (level 3, -4/33 HPs)
             Began as a Minotaur Monk on June 13, 2020.
             Slain by a worker ant (5 damage)
             ... on level 5 of the Dungeon.
             The game lasted 00:03:26 (589 turns).

P0NYSLAYSTATION the Cudgeler (Minotaur Monk)         Turns: 589, Time: 00:03:28

Health: -4/33      AC:  6    Str: 16    XL:     3   Next: 10%
Magic:  2/2        EV: 12    Int:  7    God:
Gold:   78         SH:  0    Dex: 12    Spells: 2/2 levels left

rFire    . . .     SeeInvis .   a - +0 mace
rCold    . . .     Gourm    .   (no shield)
rNeg     . . .     Faith    .   e - +0 ring mail
rPois    .         Spirit   .   (helmet restricted)
rElec    .         Reflect  .   (no cloak)
rCorr    .         Harm     .   (no gloves)
MR       .....                  j - +0 pair of boots
Stlth    +.........             (no amulet)
HPRegen  0.11/turn              (no ring)
MPRegen  0.08/turn              (no ring)

@: mighty, lethally poisoned (-4 -> -28)
A: retaliatory headbutt, horns 2
a: no special abilities


You were on level 5 of the Dungeon.
You were not hungry.

You visited 1 branch of the dungeon, and saw 5 of its levels.

You collected 78 gold pieces.

Inventory:

Hand Weapons
 a - a +0 mace (weapon)
Armour
 b - a +0 robe
 e - a +0 ring mail (worn)
 j - a +0 pair of boots (worn)
Scrolls
 g - a scroll of blinking {unknown}
 h - a scroll of identify {unknown}
 k - a scroll of immolation {unknown}
 l - a scroll of enchant armour {unknown}
Potions
 i - a potion of heal wounds {unknown}
Comestibles
 c - 4 rations
 f - 2 chunks of flesh


   Skills:
 + Level 4.1 Fighting
 + Level 4.2 Maces & Flails
 + Level 0.7 Armour
 + Level 3.5 Dodging
 + Level 1.8 Stealth


You had 2 spell levels left.
You didn't know any spells.
Your spell library was empty.

Dungeon Overview and Level Annotations

Branches:
Dungeon (5/15)
 Temple: D:4-7

Altars:


Innate Abilities, Weirdness & Mutations

You reflexively headbutt those who attack you in melee.
You have a pair of horns on your head.


Message History

You climb downwards.
You feel sick.
Found a cloak.
There is a stone staircase leading up here.
You hit the worker ant but do no damage.
Your headbutt misses the worker ant.
You feel sick. The worker ant barely misses you. The worker ant misses you.
The worker ant bites you.
The worker ant bites you but does no damage.
You barely miss the worker ant.
You feel sick. The worker ant bites you. x2
* * * LOW HITPOINT WARNING * * *
You are lethally poisoned!
The worker ant poisons you!
It was a potion of might.
You feel very mighty all of a sudden.
* * * LOW HITPOINT WARNING * * *
You feel sick. The worker ant bites you!
* * * LOW HITPOINT WARNING * * *
You are more poisoned.
The worker ant poisons you! The worker ant bites you.
You die...

#########
#.......#
#.......#
#.......#
#....[..#
#.......#
#.a@a...#
####..###
..# ..#
#.. #..
#.# ..


You could see 2 worker ants.

Vanquished Creatures
  An adder (D:3)
  2 dart slugs (D:1)
  A leopard gecko (D:1)
  2 bats
  A goblin (D:1)
  4 hobgoblins
  5 kobolds (D:1)
  A frilled lizard (D:1)
  A rat (D:1)
18 creatures vanquished.

Notes
Turn   | Place    | Note
-------+----------+-------------------------------------------
     0 | D:1      | P0NYSLAYSTATION the Minotaur Monk began the quest for the
                  | Orb.
     0 | D:1      | Reached XP level 1. HP: 19/19 MP: 0/0
   219 | D:1      | Reached XP level 2. HP: 24/27 MP: 1/1
   486 | D:3      | Reached XP level 3. HP: 28/33 MP: 2/2
   567 | D:4      | Noticed an ogre
   586 | D:5      | Entered Level 5 of the Dungeon
   589 | D:5      | HP: 1/33 [worker ant (7)]
   589 | D:5      | Slain by a worker ant

Illustrated notes

Levels and vault maps discovered:
D:1:      mainiacjoe_arrival_reflecting_pool, layout_rooms
D:2:      layout_rooms, kiku_gazebo_pond_becter, serial_bayou,
          serial_bayou_lagoon_a, serial_bayou_lagoon_b, serial_bayou_ford_a,
          serial_bayou_crossing
D:3:      layout_loops_ring, first_ration, uniq_crazy_yiuf_cottage, uniq_jessica
D:4:      layout_cave_pools, minmay_bisected, uniq_eustachio, uniq_natasha
D:5:      layout_rooms, chequers_temple_overflow_minitemple

Skill      XL: |  1  2 |
---------------+-------+-----
Fighting       | 4 |  4.1
Maces & Flails | 4 |  4.2
Armour         | |  0.7
Dodging        | |  3.5
Stealth        | |  1.8

Action                   || total
-------------------------++-------
Melee: Mace              ||    38
       Headbutt          ||     7
  Use: Potion            ||     1
Armor: Ring mail         ||    16
Dodge: Dodged            ||    32
